[Event "1st Semana Santa Torrevieja 2022"]
[Site "Torrevieja Alicante"]
[Date "2022.04.14"]
[Round "3.11"]
[White "Cabrera, Alexis"]
[Black "Perea Fruet, Lorenzo"]
[Result "1-0"]
[ECO "B45"]
[WhiteElo "2482"]
[BlackElo "2185"]
[Annotator "TA"]
[PlyCount "73"]
[EventDate "2022.04.12"]
[EventType "swiss"]
[EventCountry "ESP"]
[SourceTitle "playchess.com"]
[Source "ChessBase"]
[SourceQuality "1"]
[TimeControl "5400+30"]

1. e4 c5 2. Nf3 e6 3. d4 cxd4 4. Nxd4 Nf6 5. Nc3 Nc6 6. Ndb5 Bc5 7. Bf4 O-O {[%emt 0:00:05] B45: Sicilian Four Knights.} 8. Bc7 Qe7 {[%emt 0:00:15] Hoping for ...d5.} 9. Bd6 $1 Bxd6 {[%emt 0:00:38] White is slightly better.} 10. Qxd6 Qd8 11. Be2 Ne8 {[%emt 0:02:16] Inhibits Nc7.} (11... a6 $5 12. Nd4 Nxd4 13. Qxd4 d5 $14) 12. Qd2 a6 {[%emt 0:11:07] [#]} 13. Nd4 $146 ({Predecessor:} 13. Nd6 Nxd6 14. Qxd6 b5 15. a3 Bb7 16. Rd1 Rc8 17. O-O Qc7 18. Qxd7 Qb6 19. Qd6 {1-0 (78) Khanin,S (2521)-Yoo,C (2485) Chess.com INT 2021}) 13... d5 14. exd5 exd5 15. O-O-O Nf6 16. Rhe1 Re8 17. Bf3 Be6 18. Qf4 {[%emt 0:02:14] Inhibits Qd6.} Nxd4 19. Rxd4 ({Resist} 19. Qxd4 Qc7 $14) 19... Rc8 20. Red1 {[%emt 0:05:20] &Bianco is much more active.} Rc5 21. g4 Rxc3 22. bxc3 $18 {[%emt 0:00:05] g5 is the strong threat.} Qa5 23. Kb2 Rc8 24. R1d3 Ne4 $2 {[%emt 0:00:41] This move loses the game for Black.} (24... h6 $16 25. Qd6 Rd8) 25. Bxe4 (25. Rb4 Nc5 26. Re3 d4 27. Rxd4 Qxa2+ 28. Kc1 h6 $16) 25... dxe4 26. Qxe4 Qxa2+ 27. Kc1 Qa5 {[%emt 0:00:32] [#] Prevents Rd8+.} 28. Qe5 $3 b5 29. f4 Re8 $2 (29... Qa1+ $2 30. Kd2 Qa5 31. f5 $18) (29... Bc4) 30. Re3 {[%emt 0:04:12] aiming for f5.} Rf8 31. f5 Qa1+ (31... Bc4 $142 32. f6 Qa1+ 33. Kd2 Qf1 34. fxg7 Rc8) 32. Kd2 Bc4 33. Qe7 {[%emt 0:00:24][%cal Oe7f8] Intending Qxf8+! and mate.} Qa5 34. Re5 Qb6 35. Rd6 {[%emt 0:00:04] Inhibits Qf6.} Qf2+ 36. Kc1 {[%emt 0:00:05][%cal Oe7f8] White threatens Qxf8+! and mate.} f6 {[%emt 0:00:36] [#]} 37. Rd8 $1 {[%emt 0:00:53] Weighted Error Value: White=0.12 (very precise) /Black=0.70} 1-0

[Event "1st Semana Santa Torrevieja 2022"]
[Site "Torrevieja Alicante"]
[Date "2022.04.14"]
[Round "3.12"]
[White "Carbonell Sancho, Marc"]
[Black "Rakotomaharo, Fy Antenaina"]
[Result "0-1"]
[ECO "C51"]
[WhiteElo "2215"]
[BlackElo "2474"]
[Annotator "TA"]
[PlyCount "82"]
[EventDate "2022.04.12"]
[EventType "swiss"]
[EventCountry "ESP"]
[SourceTitle "playchess.com"]
[Source "ChessBase"]
[SourceQuality "1"]
[TimeControl "5400+30"]

1. e4 {[%emt 0:01:55] Postny,E} e5 2. Nf3 Nc6 3. Bc4 Bc5 4. b4 Bxb4 5. c3 Be7 6. d4 Na5 7. Bd3 d6 {[%emt 0:00:34] C51: Evans Gambit: Declined and Accepted without 5...Ba5.} 8. dxe5 dxe5 9. Nxe5 Nf6 {[%emt 0:00:25] The position is equal.} 10. O-O O-O 11. Qc2 Qd6 12. Nf3 {[%emt 0:00:06] [#]} Nd7 $146 {[%emt 0:00:04] Against e5} ({Predecessor:} 12... Rd8 13. Be2 Qc6 14. Nbd2 Be6 15. e5 Nd5 16. Ne4 Nb4 17. Qb1 Bxa2 18. Rxa2 Nxa2 {½-½ (60) Ganguly,S (2619)-Postny,E (2641) Porto Rio 2014 CBM 161 [Postny,E]}) 13. Rd1 {[%emt 0:15:42][%cal Oe4e5] Hoping for e5!} Ne5 14. Nxe5 Qxe5 15. f4 Bc5+ 16. Kh1 Qh5 $36 {[%emt 0:00:14][%mdl 2048] Black is more active.} 17. Rf1 (17. Re1 $11) 17... Bg4 $1 $17 {[%emt 0:07:29] &Nero is more active. Black continues to play with concentration.} 18. e5 {[%emt 0:06:55] [#]} (18. Ba3 $17 {might work better.}) 18... Rfd8 $1 $19 19. Ba3 Bb6 {[%emt 0:00:11][%cal Od8d3] aiming for ...Rxd3!} 20. Re1 Rd7 21. c4 $2 (21. Bb5 Nc6 22. Bxc6 bxc6 23. Nd2) 21... Rad8 22. c5 Rxd3 23. cxb6 Qh4 (23... axb6 $2 24. Bd6 Qf5 25. Qxc7 $17) (23... cxb6 $2 24. Bb4 $19) 24. Bb4 axb6 25. Qxc7 (25. Rf1) 25... Qf2 $2 (25... Nc6 26. Bc3 Rh3 27. gxh3 Bf3+ 28. Kg1 Qxh3 29. Qxd8+ (29. Kf2 $2 Rd3 $19) 29... Nxd8) 26. Nd2 (26. e6 {was forced.} Bxe6 27. Bxa5 bxa5 28. Nc3) 26... R3d7 ({Stronger than} 26... Rxd2 27. Bxd2 Qxd2 28. h3 $17) ({Less strong is} 26... Qxf4 27. Bxa5 (27. Re4 Qg5 $17) 27... bxa5 {[#]} 28. Rf1 $1 $16) 27. Qc1 Rxd2 28. Bxd2 Rxd2 29. Rg1 h5 ({Avoid the trap} 29... Qxf4 $2 30. Qc7 Qg5 31. Rac1 $19) 30. Qf1 Qd4 {[%emt 0:00:33] ...Nc4 is the strong threat.} 31. Re1 (31. f5 $142) 31... Nc4 32. h3 Be6 {[%emt 0:02:00] And now ...Bd5 would win.} 33. Rd1 g6 {[%emt 0:02:08][%cal Bg7g6,Bg6g5][%mdl 32] White must now prevent ...Bd5.} 34. Qf3 (34. Qe1 $142) 34... Bd5 35. Rxd2 Nxd2 {[%emt 0:02:18][%mdl 64] Discovered Attack} 36. Qg3 Ne4 37. Qh4 g5 38. Qe1 Nf2+ 39. Kh2 Qxf4+ 40. g3 Qf5 41. Qf1 Qc2 {[%emt 0:00:20] Weighted Error Value: White=0.85/Black=0.24 (precise)} (41... Kg7 $142 42. a3 h4) 0-1

[Event "1st Semana Santa Torrevieja 2022"]
[Site "Torrevieja Alicante"]
[Date "2022.04.14"]
[Round "3.13"]
[White "Vrolijk, Liam"]
[Black "Rudzinska, Michalina"]
[Result "1-0"]
[ECO "A61"]
[WhiteElo "2480"]
[BlackElo "2211"]
[Annotator "TA"]
[PlyCount "85"]
[EventDate "2022.04.12"]
[EventType "swiss"]
[EventCountry "ESP"]
[SourceTitle "playchess.com"]
[Source "ChessBase"]
[SourceQuality "1"]
[TimeControl "5400+30"]

1. d4 Nf6 2. c4 e6 3. Bf4 c5 4. d5 exd5 5. cxd5 d6 6. Nc3 g6 7. Nf3 a6 8. a4 Bg7 9. h3 O-O 10. e3 Ne8 {[%emt 0:00:19] A61: Modern Benoni: Nf3 without early e4.} 11. Be2 Nd7 12. a5 Qe7 {[%emt 0:04:27] White is slightly better.} 13. O-O Ne5 14. Bxe5 Bxe5 15. Nxe5 Qxe5 16. Qd2 {[%emt 0:00:36] [#]} Nf6 $146 ({Predecessor:} 16... Bd7 17. f4 Qg7 18. Bc4 g5 19. fxg5 Qxg5 20. Rf3 f5 21. Qf2 Ng7 22. e4 Qe7 {½-½ (35) Lysyj,I (2596)-Indjic,A (2628) Mali Losinj 2019}) 17. f4 Qe7 18. Bd3 Rb8 19. e4 b5 20. axb6 Rxb6 21. Rfe1 Rb4 22. Ra4 Re8 23. e5 Nh5 $2 {[%emt 0:15:11] White leaves nothing to chance now.} (23... dxe5 $11 {and Black stays safe.} 24. Rxe5 Qd8) 24. Rxb4 $18 cxb4 25. Ne4 {[%emt 0:00:07][%csl LRb4,LRd6] g4 is the strong threat.} dxe5 26. fxe5 Rd8 27. Nd6 ({Resist} 27. g4 f5 $18) 27... Qa7+ 28. Qf2 {[%emt 0:01:37] Active counter play!} Qxf2+ 29. Kxf2 Nf4 30. Bc4 f6 $2 (30... g5 31. b3 Ng6 32. Nxc8 Rxc8 33. Bxa6 Rd8) 31. Nxc8 {[%emt 0:02:49] White is clearly winning.} Rxc8 {[%emt 0:00:07] [#]} 32. e6 $1 {[%emt 0:01:16][%cal Od5d6,Be5e6,Be6e7][%mdl 32] aiming for d6!} Rxc4 {[%emt 0:04:37][%mdl 4096] Endgame KRN-KR} (32... Kf8 33. e7+) 33. e7 Rc8 34. d6 Nd3+ 35. Kf1 {[%emt 0:01:55] White threatens d7 and mate.} Kf7 36. d7 Re8 37. d8=Q ({Less strong is} 37. dxe8=R Kxe8 38. Ra1 Kxe7 $16) 37... Nxe1 38. Kxe1 Rxe7+ {[%emt 0:00:07] KQ-KR} 39. Kf2 f5 40. Qd5+ Kf8 41. Qc5 a5 42. g4 Ke8 43. Qxa5 {[%emt 0:00:37] Weighted Error Value: White=0.06 (flawless) /Black=0.48} (43. gxf5 $142 gxf5 44. Qc8+ Kf7 45. Qxf5+ Ke8 46. Qxa5) 1-0

[Event "1st Semana Santa Torrevieja 2022"]
[Site "Torrevieja Alicante"]
[Date "2022.04.14"]
[Round "3.14"]
[White "Ulasevich, Sergei"]
[Black "Gomez Ledo, Roberto Carlos"]
[Result "0-1"]
[ECO "C84"]
[WhiteElo "2199"]
[BlackElo "2471"]
[Annotator "TA"]
[PlyCount "134"]
[EventDate "2022.04.12"]
[EventType "swiss"]
[EventCountry "ESP"]
[SourceTitle "playchess.com"]
[Source "ChessBase"]
[SourceQuality "1"]
[TimeControl "5400+30"]

1. e4 e5 2. Nf3 Nc6 3. Bb5 a6 4. Ba4 Nf6 5. O-O Be7 6. d3 d6 7. c3 O-O 8. Re1 b5 {[%emt 0:03:08] 8...Re8 deserves study.} 9. Bc2 Nb8 {[%emt 0:00:09] C84: Closed Ruy Lopez: Unusual White 6th moves.} 10. a4 Bb7 11. Nbd2 Nbd7 {[%emt 0:00:23] White has an edge.} 12. Nf1 Re8 13. Ng3 g6 14. d4 (14. Bh6 {looks sharper.} c5 15. Qd2 Qc7 16. Nf5) 14... Bf8 15. Bd3 c6 16. h3 {[%emt 0:01:00] [#]} Nb6 $146 (16... exd4 {with more complications.} 17. cxd4 c5 18. Bg5 cxd4 19. axb5 axb5 20. Rxa8 Qxa8 21. Bxb5 Qa5) ({Predecessor:} 16... Bg7 17. Bg5 Qe7 18. Qc2 Qf8 19. Red1 Rac8 20. Qb1 Nb6 21. b3 Rc7 22. Ra2 Nbd7 23. Re2 Rb8 {1-0 (69) Zhigalko,A (2598)-Maiorov,N (2572) Minsk 2016}) 17. axb5 axb5 18. Bg5 Rxa1 19. Qxa1 {[%emt 0:00:11] Hoping for Bxf6.} Bg7 20. dxe5 dxe5 21. Bf1 Qc7 22. b3 Nbd7 23. Qc1 Nf8 24. Bh6 Ne6 25. Bxg7 Kxg7 26. Qe3 h6 27. Ra1 Ra8 28. Rxa8 Bxa8 29. b4 Bb7 30. Qa7 Nd7 31. Be2 Bc8 32. Qxc7 Nxc7 33. Kf1 Kf6 34. Bd3 Nb6 35. Ke1 Ne8 36. Ne2 Nd6 37. Nc1 Be6 38. Kd2 Nd7 39. Ke2 Ke7 40. Nd2 f5 41. f3 f4 42. Bc2 Nb6 43. Bb3 Bc4+ 44. Bxc4 bxc4 $11 {[%emt 0:00:56][%mdl 4096] Endgame KNN-KNN} 45. Nf1 Kf6 46. Kd2 Kg5 47. Ne2 Kh4 48. Ke1 Na4 49. Nd2 Nb2 50. Kf2 h5 51. Kg1 (51. Kf1 $15 {deserves consideration.}) 51... Nd1 52. Kh2 Kg5 {[%emt 0:00:29] &Nero is more active.} (52... Nf2 $1 $17) 53. Kg1 $2 {[%emt 0:00:33] [#] White is on the road to losing.} (53. g3 $11 {and White has nothing to worry.}) 53... Kf6 $2 (53... h4 $1 $19 54. Kf1 Ne3+ 55. Kg1 Nb5) 54. Kh2 $2 {[%emt 0:00:20] [#]} (54. h4 $1 $15) 54... g5 (54... h4 $1 $19 {and Black stays clearly on top.} 55. Kg1 Ke7) 55. Nf1 $2 (55. g3 $17) 55... g4 $19 56. hxg4 (56. Kg1 $142 gxh3 57. gxh3) 56... hxg4 {[%emt 0:00:06] Black is clearly winning.} 57. Nd2 g3+ 58. Kg1 Ke6 59. Nb1 Nb5 {[%emt 0:00:22] Prevents Na3.} 60. Nd2 Ndxc3 61. Nxc3 Nxc3 62. Nxc4 {[%emt 0:00:03] KN-KN} Na2 63. Kf1 Nxb4 {[%emt 0:00:07] And now ...c5 would win.} 64. Ke2 Nc2 65. Kd2 Nd4 {[%emt 0:01:00][%cal Od4f3] ...Nxf3+! is the strong threat.} 66. Ke1 c5 67. Nb6 Nc2+ {[%emt 0:00:13] Weighted Error Value: White=0.34/Black=0.17 (very precise)} 0-1

[Event "1st Semana Santa Torrevieja 2022"]
[Site "Torrevieja Alicante"]
[Date "2022.04.14"]
[Round "3.15"]
[White "Camacho Collados, Marcos"]
[Black "Rodriguez Ferraz, Borja"]
[Result "1/2-1/2"]
[ECO "A07"]
[WhiteElo "2462"]
[BlackElo "2223"]
[Annotator "TA"]
[PlyCount "127"]
[EventDate "2022.04.12"]
[EventType "swiss"]
[EventCountry "ESP"]
[SourceTitle "playchess.com"]
[Source "ChessBase"]
[SourceQuality "1"]
[TimeControl "5400+30"]

1. Nf3 Nf6 2. g3 e6 3. Bg2 d5 4. O-O Bd6 5. d3 h6 6. Nc3 {[%emt 0:05:11] [#] A07: Réti Opening: New York and Capablanca Systems.} e5 $146 ({Predecessor:} 6... Bd7 7. e4 dxe4 8. dxe4 e5 9. h3 O-O 10. Be3 Re8 11. Qd2 a6 12. Rad1 Nc6 13. Nh4 {1-0 (46) Krasnov,S (1998)-Karweit,A San Francisco 2017}) 7. e4 d4 8. Ne2 {[%emt 0:02:58] White has an edge.} c5 9. c3 Nc6 {[%emt 0:01:15] Prevents b4.} 10. cxd4 cxd4 {[%emt 0:00:16] [#]} 11. Bd2 (11. Nexd4 $1 $11 exd4 12. e5) 11... Qb6 12. Nh4 (12. b4 $11 {feels stronger.}) 12... g6 (12... Qxb2 $15 13. f4 O-O) 13. b4 $11 Bg4 (13... Nxb4 $2 14. Rb1 $18) (13... Bxb4 $11 14. Rb1 Qc5) 14. f4 (14. h3 $16 Bd7 15. f4) 14... Nd7 (14... Bxb4 $11 15. Rb1 Bxd2 16. Qxd2 (16. Rxb6 Be3+ 17. Kh1 axb6 $11) 16... Qa6) 15. h3 Bxe2 16. Qxe2 a5 (16... Nxb4 $2 17. Rfb1 $18) (16... Bxb4 $11 {keeps the balance.} 17. Bxb4 Qxb4) 17. bxa5 $16 Nxa5 18. Nf3 Nc6 19. h4 (19. a4 $16) 19... Ra3 $11 20. Bc1 Ra5 (20... Rc3 $11) 21. Nd2 Ra4 22. Bh3 exf4 (22... Qd8 $16) 23. gxf4 (23. Rb1 $18 Qa7 24. e5) 23... Be7 $16 24. e5 Nc5 25. Ne4 (25. Nc4 $1 $16 Qa6 26. e6 fxe6 27. Bxe6 Nxe6 28. Qxe6) 25... Nxe4 $14 26. Qxe4 {[%emt 0:00:02] Hoping for f5.} Nb4 (26... Rg8 $14) 27. Bd2 {[%emt 0:04:41] Rab1 is the strong threat.} Qa6 $2 (27... Qc6 $16 {was called for.}) 28. Bxb4 $18 (28. Qxd4 O-O 29. Qd7 Qxd3 $1 30. Qxd3 Nxd3 $17) 28... Rxb4 29. Rac1 {[%emt 0:01:24][%cal Ba1c1,Bc1c7,Bc7d7][%mdl 32] Inhibits Qc6.} O-O 30. Rc7 Bd8 31. Rd7 {[%emt 0:00:09] Threatens to win with f5.} Qc6 32. Qxc6 bxc6 33. h5 gxh5 {[%emt 0:01:15] [#]} (33... g5 34. fxg5 Bxg5) 34. Kh1 $1 Kh8 {[%emt 0:00:41] [#]} 35. Rg1 $1 Bh4 36. Bf5 $2 ({But not} 36. Rd6 $6 f6 37. Bf5 (37. Rxc6 Bf2 $16) 37... Rg8 38. exf6 (38. Rxc6 Rxg1+ 39. Kxg1 fxe5 $16) 38... Rxg1+ 39. Kxg1 Rb8 $18) (36. e6 $18) 36... Rb5 $2 (36... Bf2 $1 $11 {and Black stays safe.} 37. Rf1 Rb2) 37. Be4 $2 (37. Rd6 $18 Bg5 38. a4) 37... Ra5 $2 (37... Bf2 $16) 38. Rg2 Rc5 39. Kh2 Rb5 40. Kh3 Bd8 41. Bxc6 Rc5 (41... Rb1 {was worth a try.} 42. Kh2 Rc1) 42. Be4 {[%emt 0:00:27] And now Rd6 would win.} Rc7 43. Rxd4 Be7 44. Bf3 Rc1 (44... Rd8 $142) 45. Kh2 (45. Rd7 $142 Bd8 46. Bxh5) 45... Bc5 46. Re4 Rd8 {[%emt 0:00:08] Against d4} (46... Rc3 $16 {was necessary.} 47. Bxh5 Rxd3) 47. e6 $2 (47. Bxh5 $18 {Black must now prevent Ra4.} Rxd3 48. Bxf7) 47... Rxd3 $11 {[%emt 0:01:42] The position is equal.} 48. Be2 Re3 49. Rxe3 Bxe3 {[%emt 0:00:01][%mdl 4096] Endgame KRB-KRB} 50. Kg3 ({Wrong is} 50. exf7 $2 Bxf4+ 51. Rg3 Bxg3+ 52. Kxg3 Kg7 53. Bxh5 Rg1+ 54. Kh4 Rh1+ 55. Kg4 Ra1 $19) 50... fxe6 51. Kf3 Bd4 52. Ke4 Bg7 53. Bxh5 Rc4+ 54. Kf3 e5 55. fxe5 Bxe5 56. Bg6 Rf4+ 57. Ke3 Ra4 58. Be8 Ra8 59. Bf7 Ra7 60. Bg6 Ra4 61. Bf5 h5 62. Bd3 h4 63. Bf5 Bg3 64. Rc2 {[%emt 0:00:21] Black escapes into a draw.  Weighted Error Value: White=0.46/Black=0.53} 1/2-1/2

[Event "1st Semana Santa Torrevieja 2022"]
[Site "Torrevieja Alicante"]
[Date "2022.04.14"]
[Round "3.16"]
[White "Kanov, Nikola"]
[Black "Aagaard, Jacob"]
[Result "0-1"]
[ECO "B47"]
[WhiteElo "2201"]
[BlackElo "2465"]
[Annotator "TA"]
[PlyCount "102"]
[EventDate "2022.04.12"]
[EventType "swiss"]
[EventCountry "ESP"]
[SourceTitle "playchess.com"]
[Source "ChessBase"]
[SourceQuality "1"]
[TimeControl "5400+30"]

1. e4 c5 2. Nf3 e6 3. d4 cxd4 4. Nxd4 Nc6 5. Nc3 Qc7 6. f4 a6 7. Nxc6 Qxc6 8. Bd3 b5 9. Qe2 Bb7 10. Bd2 Rc8 {[%emt 0:04:41] B47: Sicilian: Taimanov: 5 Nc3 Qc7 6 f4, 6 g3 and 6 Be2.} 11. O-O-O $2 {[%emt 0:04:39] [#]} (11. a3 $14 {keeps the upper hand.}) 11... Bc5 $2 (11... b4 $1 $17 12. Nb1 Qa4) 12. a3 $14 Ne7 {[%emt 0:07:14] White is slightly better.} 13. Rhf1 O-O 14. Qh5 (14. Kb1 $14 {is superior.}) 14... f5 $11 15. g4 {[%emt 0:03:46] [#]} g6 $146 (15... Bxa3 $5 16. exf5 (16. bxa3 Qd6 $11) 16... b4 $11) ({Predecessor:} 15... b4 16. axb4 Bxb4 17. gxf5 exf5 18. Rg1 Qf6 19. e5 Qb6 20. Rg3 Rc6 21. Rdg1 Rg6 {0-1 (32) Dann,M (2475)-Vovk,Y (2588) Fagernes 2015}) 16. Qh4 d5 (16... fxe4 $2 17. Nxe4 Qxe4 18. Bxe4 $18) 17. exf5 exf5 18. Rde1 Rc7 19. Ne2 (19. Kb1 $14) 19... Qb6 (19... Bc8 $11 {remains equal.}) 20. Kb1 Bc8 21. Ng3 (21. b4 $5 Bd6 22. g5 $11) 21... fxg4 22. f5 ({White should play} 22. b4 $1 $14 Bd6 23. f5 Nxf5 24. Nxf5 gxf5 25. h3 (25. Bh6 Be7 $11)) 22... Nxf5 23. Bxf5 gxf5 24. Bh6 Qf6 25. Qh5 $132 {[%emt 0:00:21][%mdl 2048] White is not keeping still} Qg6 26. Bxf8 Kxf8 27. Re5 Qxh5 28. Nxh5 Bd6 (28... Kf7 $5 ) 29. Re2 {[%emt 0:01:27] [#]} (29. Rxd5 $11 Bxh2 30. Rd2) 29... Kf7 $1 $17 {[%emt 0:01:07] Black converts the advantage convincingly.} 30. Rd2 Re7 {[%emt 0:06:35] aiming for ...Kg6.} 31. Ng3 (31. Kc1 $17) 31... Re5 $19 32. Rdf2 (32. Kc1 $142) 32... Kg6 33. Ne2 h5 34. Nf4+ Kg5 35. h4+ Kh6 36. Rd2 Be7 37. Nxd5 $2 (37. Ng2) 37... Bxh4 {[%emt 0:00:20] Black is clearly winning.} 38. Nf4 Be7 {[%emt 0:02:07] Prevents Rd6+.} 39. a4 h4 40. axb5 axb5 41. b3 Kg5 42. Nd5 Bb7 43. c4 bxc4 44. bxc4 Bxd5 45. cxd5 {[%emt 0:00:26][%mdl 4096] Endgame KRR-KRB} Bd6 46. Kc2 h3 {[%emt 0:00:33] And now ...g3 would win.} 47. Kb3 g3 {[%emt 0:02:02][%cal Bg4g3,Bg3g2][%mdl 32] Hoping for ...f4.} 48. Kc4 f4 {[%emt 0:01:06][%cal Bf5f4,Bf4f3][%mdl 32] ...g2 is the strong threat.} 49. Kb5 g2 50. Rg1 f3 {[%emt 0:00:20] White must now prevent ...Rf5.} 51. Kc6 {[%emt 0:00:03] [#]} Rf5 $1 {[%emt 0:00:14] Weighted Error Value: White=0.73/Black=0.26 (precise)} 0-1

[Event "1st Semana Santa Torrevieja 2022"]
[Site "Torrevieja Alicante"]
[Date "2022.04.15"]
[Round "4.1"]
[White "Moussard, Jules"]
[Black "Garrido Outon, Alex"]
[Result "1-0"]
[ECO "B92"]
[WhiteElo "2630"]
[BlackElo "2426"]
[Annotator "TA"]
[PlyCount "73"]
[EventDate "2022.04.12"]
[EventType "swiss"]
[EventCountry "ESP"]
[SourceTitle "playchess.com"]
[Source "ChessBase"]
[SourceQuality "1"]
[TimeControl "5400+30"]

1. e4 c5 2. Nf3 d6 3. d4 cxd4 4. Nxd4 Nf6 5. Nc3 a6 6. Be2 e5 7. Nb3 Be7 8. O-O O-O 9. Re1 Be6 {[%emt 0:07:02] B92: Sicilian Najdorf: 6 Be2.} 10. Be3 Nbd7 11. a4 Nb6 {[%emt 0:07:23] [#] The position is equal.} 12. a5 $146 ({Predecessor:} 12. Nd2 d5 13. Bxb6 Qxb6 14. exd5 Nxd5 15. Nc4 Qc5 16. Nxd5 Bxd5 17. b4 Qd4 18. Qxd4 exd4 {1-0 (73) Gonzalez,R-Piccoli,F (2102) ICCF email 2017}) 12... Nc4 13. Bxc4 Bxc4 14. Na4 Nd7 (14... Nxe4 $2 15. Bb6 Qe8 16. Rxe4 $18) 15. Nd2 Be6 16. c4 Rc8 17. b3 Bg5 18. Bxg5 Qxg5 19. Nf1 Rfd8 20. Ne3 Nb8 21. Nb6 {[%emt 0:02:21] White stays focused until the end.} Rc7 22. Rc1 g6 23. Ned5 Bxd5 (23... Rc5 $16) 24. cxd5 $18 ({Less strong is} 24. exd5 Nd7 $11) ({But not} 24. Nxd5 $6 Rcc8 $16) 24... Rxc1 (24... Re7 {was necessary.} 25. Rc3 f5) 25. Qxc1 Qxc1 26. Rxc1 $16 {[%emt 0:00:09][%mdl 4096] Endgame KRN-KRN} Nd7 27. f3 f5 (27... Nxb6 $142 28. axb6 h5) 28. Rc8 $18 Rxc8 29. Nxc8 {[%emt 0:00:05] KN-KN} Nc5 $2 (29... fxe4 $2 30. fxe4 Kf8 31. Nxd6 $18) (29... Kg7 30. Kf2 (30. Nxd6 b6 $18) 30... fxe4 31. fxe4 Kf8) 30. Nxd6 {[%emt 0:01:46] White is clearly winning.} Nxb3 31. Nxb7 {[%emt 0:00:05] [#] aiming for d6.} Kf8 32. Kf2 f4 33. Ke2 g5 34. Kd3 h5 35. h3 Ke7 36. Kc3 Nd4 37. Nc5 {[%emt 0:00:20] Weighted Error Value: White=0.02 (flawless) /Black=0.34} 1-0

[Event "1st Semana Santa Torrevieja 2022"]
[Site "Torrevieja Alicante"]
[Date "2022.04.15"]
[Round "4.2"]
[White "Minzer, Claudio Javier"]
[Black "Iturrizaga Bonelli, Eduardo"]
[Result "0-1"]
[ECO "E16"]
[WhiteElo "2427"]
[BlackElo "2595"]
[Annotator "TA"]
[PlyCount "96"]
[EventDate "2022.04.12"]
[EventType "swiss"]
[EventCountry "ESP"]
[SourceTitle "playchess.com"]
[Source "ChessBase"]
[SourceQuality "1"]
[TimeControl "5400+30"]

1. d4 Nf6 2. c4 e6 3. Nf3 Bb4+ 4. Bd2 a5 5. Nc3 b6 6. g3 Bb7 7. Bg2 O-O 8. O-O d6 9. Rc1 Nbd7 10. Bg5 {[%emt 0:00:00] E16: Queen's Indian: 4 g3 Bb7 5 Bg2 Bb4+.} h6 $5 {[%emt 0:10:15][%mdl 4] An interesting side line.} (10... Bxc3 $11 11. Rxc3 h6 12. Bxf6 Qxf6) 11. Bxf6 $14 Nxf6 {[%emt 0:00:03] [#]} 12. a3 $146 (12. Na4 $14) ({Predecessor:} 12. Na4 d5 13. Ne5 Be7 14. c5 Ne4 15. f3 Nf6 16. cxb6 cxb6 17. Qb3 b5 18. Qxb5 {½-½ (33) Lan,Z (2361)-Andreikin,D (2706) China 2017}) 12... Bxc3 $11 13. Rxc3 a4 14. Nd2 Bxg2 15. Kxg2 e5 16. e3 Re8 17. Rc2 Ra5 (17... Qd7 {seems wilder.} 18. Nb1 exd4 19. exd4 d5) 18. d5 e4 19. f4 (19. Nb1 $11 {keeps the balance.}) 19... exf3+ 20. Qxf3 Re5 21. Rc3 Qd7 22. Kg1 {[%emt 0:00:00] [#]} Ra8 $1 23. e4 Rae8 24. Re3 Nh7 25. Rfe1 f5 26. Qg2 Qe7 27. h4 (27. Nb1 $17) 27... Nf6 $19 28. Nf3 Rxe4 29. Rxe4 fxe4 ({Inferior is} 29... Nxe4 30. Re2 $17) 30. Nd4 Qe5 31. Nc6 Qh5 32. Qf2 (32. Nd4 {might work better.}) 32... b5 33. cxb5 Qxd5 34. Qe2 Qc5+ 35. Kg2 h5 {[%emt 0:01:13] [#] aiming for ...Ng4.} 36. Rd1 $2 (36. Nb4 Ng4 37. Nd3 Qxb5 38. Nf4) 36... Ng4 {[%emt 0:02:38] Threatens to win with ...Ne3+. Black is clearly winning.} 37. Nd4 d5 {[%emt 0:01:10] Strongly threatening ...Rf8.} 38. Qd2 e3 39. Qb4 Qxb4 40. axb4 {[%emt 0:00:02][%mdl 4096] Endgame KRN-KRN} Re4 {[%emt 0:00:35][%cal Oe4d4] White must now prevent ...Rxd4!} 41. Ne2 Rxb4 42. Rxd5 Rxb2 43. Kf3 a3 44. Rd8+ Kh7 45. Ra8 a2 46. Ra6 Kg8 47. Ra7 Kf8 48. Nc3 Ke7 {[%emt 0:06:22] Weighted Error Value: White=0.54/Black=0.16 (very precise)} 0-1